 Dungeon Crawl Stone Soup version 0.17.0-15-g6d90897 (webtiles) character file.

94426 dysrexia the Devastator (level 15, -23/66 HPs)
             Began as a Felid Wizard on Nov 9, 2015.
             Was the Champion of Vehumet.
             Shot with a bolt by a naga sharpshooter (38 damage)
             ... on level 4 of the Snake Pit on Nov 10, 2015.
             The game lasted 06:33:31 (65451 turns).

dysrexia the Devastator (Felid Wizard)             Turns: 65451, Time: 06:33:32

Health: -23/66     AC:  5    Str:  5    XL:     15   Next: 26%
Magic:  19/42      EV: 24    Int: 27    God:    Vehumet [******]
Gold:   1729       SH:  0    Dex: 10    Spells: 9 memorised, 8 levels left
                                        Lives:  0   Deaths: 5

rFire  . . .     SeeInvis +     (weapon unavailable)
rCold  + + .     Clarity  .     (armour unavailable)
rNeg   . . .     SustAt   .     (shield unavailable)
rPois  +         Gourm    .     (helmet unavailable)
rElec  .         Spirit   .     (cloak unavailable)
rCorr  .         Warding  .     (gloves unavailable)
rMut   .         Stasis   .     (boots unavailable)
MR     +++++                    (no amulet)
Stlth  +++++.....               a - ring "Goocoik" {Ice rPois MR+++ MP+9 Dex-4}
                                s - ring of protection from fire

@: quick, almost entirely resistant to hostile enchantments, quite stealthy
A: no armour, no weapons or thrown items, claws 1, fangs 3, repulsion field 1,
slimy green scales 1, see invisible, carnivore 3, speed 1, screaming 1, shaggy
fur 3, slow metabolism 1, strong 1, MP-powered wands, sharp paws
a: Renounce Religion
}: 1/15 runes: decaying


You were on level 4 of the Snake Pit.
You worshipped Vehumet.
Vehumet was exalted by your worship.
You were not hungry.

You visited 6 branches of the dungeon, and saw 32 of its levels.
You also visited: Ossuary.

You collected 2966 gold pieces.
You spent 1237 gold pieces at shops.

Inventory:

Jewellery
 a - the ring "Goocoik" (right paw) {Ice rPois MR+++ MP+9 Dex-4}
   (You acquired it on level 3 of the Orcish Mines)

   [ring of ice]

   It enhances your ice magic, and weakens your fire magic.
   It affects your dexterity (-4).
   It makes you vulnerable to fire.
   It protects you from cold.
   It protects you from poison.
   It affects your resistance to hostile enchantments.
   It affects your magic capacity (+9).
 c - an uncursed ring of invisibility
 e - a +4 ring of strength
 o - an uncursed ring of positive energy
 s - a ring of protection from fire (left paw)
 v - the ring of Becsuhuwn {Ice rElec MR+ MP-9 Str+3}
   (You found it on level 8 of the Lair of Beasts)

   [ring of ice]

   It enhances your ice magic, and weakens your fire magic.
   It affects your strength (+3).
   It makes you vulnerable to fire.
   It protects you from cold.
   It insulates you from electricity.
   It affects your resistance to hostile enchantments.
   It affects your magic capacity (-9).
 x - an uncursed amulet of stasis
 P - a +3 ring of protection
 X - an uncursed ring of fire
Wands
 f - a wand of teleportation (3)
 y - a wand of fire (7)
 D - a wand of lightning (5)
 E - a wand of digging (4)
 H - a wand of lightning (5)
 Q - a wand of heal wounds (4)
 U - a wand of cold (8)
 V - a wand of fire (5)
Scrolls
 d - 4 scrolls of fear
 h - a scroll of silence
 j - 3 scrolls of magic mapping
 l - 13 scrolls of remove curse
 m - a scroll of teleportation
 p - 2 scrolls of fog
 t - 4 scrolls of identify
 z - 2 scrolls of recharging
 A - 4 scrolls of immolation
Potions
 g - 3 potions of might
 i - 2 potions of curing
 k - a potion of heal wounds
 q - 2 potions of cancellation
 r - a potion of flight
 u - 2 potions of berserk rage
 w - 2 potions of agility
 B - 4 potions of brilliance
 C - a potion of magic
 F - 2 potions of lignification
 L - 4 potions of haste
 M - a potion of ambrosia
Miscellaneous
 W - a crystal ball of energy
Comestibles
 b - 7 meat rations


   Skills:
 - Level 8.0 Fighting
 - Level 12.0 Dodging
 - Level 9.1 Stealth
 + Level 13.5 Spellcasting
 * Level 16.7 Conjurations
 - Level 3.0 Hexes
   Level 1.0 Summonings
 - Level 4.1 Translocations
 - Level 9.0 Fire Magic
 * Level 13.8 Ice Magic
 - Level 6.4 Air Magic
 - Level 2.0 Poison Magic


You had 8 spell levels left.
You knew the following spells:

 Your Spells              Type           Power        Failure   Level  Hunger
a - Magic Dart            Conj           ####         0%          1    None
b - Blink                 Tloc           N/A          1%          2    None
c - Bolt of Cold          Conj/Ice       ########..   1%          6    ####...
d - Mephitic Cloud        Conj/Pois/Air  ######..     1%          3    None
e - Iskenderun's Battles  Conj/Chrm      ######..     1%          5    ##.....
f - Searing Ray           Conj           ######       0%          2    None
g - Gell's Gravitas       Hex/Tloc       #####.....   2%          3    None
h - Fireball              Conj/Fire      #####.....   1%          5    ##.....
i - Freezing Cloud        Conj/Ice/Air   #######...   1%          6    ####...


Dungeon Overview and Level Annotations

Branches:
Dungeon (11/15)            Temple (1/1) D:6            Lair (8/8) D:8
  Swamp (4/4) Lair:4        Snake (4/4) Lair:6        Slime (0/6) Lair:6
    Orc (4/4) D:11            Elf (0/3) Orc:3

Altars:
Ashenzari
Cheibriados
Dithmenos
Fedhas
Kikubaaqudgha
Makhleb
Nemelex Xobeh
Okawaru
Qazlal
Trog
Vehumet
Xom
Yredelemnul
Jiyva

Shops:
D:5 ([(   D:8 ?   D:9 [=   Orc:4 ::}*

Annotations:
Swamp:2 septik's ghost, adept GrFi
Snake:3 exclusion: downstairs
Snake:4 Vashnia


Innate Abilities, Weirdness & Mutations

You cannot wear armour.
You are incapable of wielding weapons or throwing items.
You have sharp claws.
You have razor-sharp teeth.
You have supernaturally acute eyesight.
You are carnivorous and can eat meat at any time.
You cover ground quickly.
Your thick and shaggy fur keeps you warm (AC +3, rC+).
You have a slow metabolism.
Your sharp claws are effective at attacking unaware monsters.
You are surrounded by a mild repulsion field (EV +2).
You are partially covered in slimy green scales (AC +2).
You occasionally shout uncontrollably at your foes.
Your muscles are strong. (Str +2)
You expend magic power (3 MP) to strengthen your wands.


Message History

The mana viper hisses angrily.
Casting: Fireball
Confirm with . or Enter, or press ? or * to list all spells.
Aiming: Fireball
Press: ? - help, Shift-Dir - straight line, f - naga sharpshooter
Aim: a naga sharpshooter, wielding an arbalest (severely wounded)
You feel a numb sensation.
The fireball explodes!
The fireball engulfs the naga sharpshooter.
The naga sharpshooter is almost dead.
The fireball engulfs the mana viper.
The mana viper is heavily wounded.
The naga sharpshooter gestures wildly while chanting.
The naga sharpshooter magically shoots a bolt.
The bolt hits you!!
* * * LOW HITPOINT WARNING * * *
The naga sharpshooter mumbles some strange words.
The naga sharpshooter magically shoots a bolt.
The bolt hits you!!!
Ouch! That really hurt!
You die...

,,,,,,,,#...#....#...........# #(
..S.,,,*#N....##..)##..####### #)
....,,,##.............## #####.
....,,.#.....)...#).### #...)(
....,,.....#S<.#*##..# #....(
....,,,#.....).## ##(# #####.(.(.
...$,,$....##.(ยง##
#.###.)[.(...}
....N....####..([###.....###.....
.......#.......!@[...([### #.....
.....#...###...........# ####.#
.S..#.....))...........# #####.#
.N....#.<####..........# #......
...#**##** #########..####.....)
...# ##...##...... ..##
###.......). ### ####......
#......


You could see a naga sharpshooter and a mana viper.

Vanquished Creatures
  Saint Roka (Orc:4)
  Asterion (Snake:3)
  Gastronok (Orc:2)
  3 thorn hunters (Swamp:4)
  Frances (Swamp:2)
  Kirke (Lair:7)
  A greater naga (Snake:2)
  Donald (Swamp:4)
  Maud (Orc:3)
  Louise (Swamp:2)
  A very ugly thing (Swamp:1)
  Snorg (Lair:7)
  18 naga warriors
  2 catoblepae
  19 hydras
  Erolcha (Orc:3)
  8 anacondas
  8 alligators
  15 naga sharpshooters
  18 spriggans
  5 shock serpents
  An unseen horror (D:10)
  3 salamander mystics
  3 spriggan druids
  8 naga ritualists
  An orc knight (Orc:4)
  5 shambling mangroves
  11 swamp dragons
  Pikel (D:9)
  2 hill giants
  An ugly thing (D:10)
  4 orc sorcerers
  2 cyclopes
  13 salamanders
  10 mana vipers
  2 oklob plants
  3 manticores
  48 black mambas
  4 guardian serpents
  20 naga magi
  16 elephants
  28 spiny frogs
  9 komodo dragons
  A kobold demonologist (D:10)
  4 fire drakes
  7 giant leeches
  2 polar bears (Lair:8)
  Prince Ribbit (D:8)
  A troll (D:10)
  A trapdoor spider (D:11)
  2 deep elf magi
  A wraith (D:11)
  20 slime creatures
  25 blink frogs
  9 bog bodies
  3 shadows
  6 basilisks
  51 yaks
  A steam dragon (D:10)
  36 wolves
  7 hippogriffs
  16 vampire mosquitoes
  59 nagas
  7 hogs
  3 wargs
  16 insubstantial wisps
  24 swamp worms
  13 water moccasins
  12 porcupines
  12 swamp drakes
  29 wasps
  2 black bears
  39 orc warriors
  8 ice beasts (D:11)
  3 sky beasts
  11 ogres
  12 centaurs
  21 crocodiles
  2 phantoms
  4 big kobolds
  Blork the orc (D:4)
  35 giant frogs
  A wyvern zombie (D:10)
  6 killer bees
  3 wights (D:11)
  6 scorpions
  8 electric eels
  6 crimson imps
  A quasit (D:10)
  4 giant frog zombies
  A gnoll shaman (Orc:4)
  7 hounds
  A giant frog skeleton (D:9)
  9 iguanas
  17 orc priests
  25 orc wizards
  2 jellies
  2 centaur skeletons
  33 sheep
  8 worker ants
  A killer bee zombie (D:6)
  A hound zombie (D:8)
  2 hound skeletons
  10 gnolls
  14 adders
  62 river rats
  2 shadow imps (D:5)
  3 white imps (Lair:7)
  2 adder skeletons
  7 giant geckos
  168 orcs
  4 giant cockroaches
  7 goblins
  8 hobgoblins
  13 jackals
  19 kobolds
  5 quokkas
  A ball python (D:3)
  7 bats
  A giant gecko skeleton (D:6)
  A giant newt (D:2)
  A jackal skeleton (D:9)
  3 quokka skeletons
  10 rats
  5 bushes (Lair:4)
  3 fungi
  5 plants
1315 creatures vanquished.

Vanquished Creatures (collateral kills)
  A naga warrior (Snake:2)
  Joseph (D:7)
  Grum (D:8)
  A wolf (D:8)
  2 orc warriors (D:7)
  4 crimson imps
  An orc priest (D:7)
  A jelly (D:6)
  3 orc wizards
  2 gnolls (D:4)
  2 adders (D:2)
  2 giant geckos
  An orc (D:3)
  2 giant cockroaches
  2 hobgoblins (D:2)
  2 jackals (D:3)
  A hobgoblin zombie (Ossuary)
  3 kobolds
32 creatures vanquished.

Vanquished Creatures (others)
  A crimson imp (D:9)
  A hound (D:9)
  An orc priest (D:6)
  An adder (D:9)
  2 briar patches (Swamp:4)
  27 fungi
  55 plants
88 creatures vanquished.

Grand Total: 1435 creatures vanquished

Notes
Turn   | Place    | Note
--------------------------------------------------------------
     0 | D:1      | dysrexia the Felid Wizard began the quest for the Orb.
     0 | D:1      | Reached XP level 1. HP: 7/7 MP: 5/5
    68 | D:1      | Reached skill level 1 in Conjurations
   404 | D:1      | Reached XP level 2. HP: 11/11 MP: 0/7
   592 | D:1      | Learned a level 2 spell: Blink
   595 | D:1      | Learned a level 2 spell: Call Imp
  1301 | D:2      | Reached XP level 3. HP: 14/14 MP: 1/9
  1382 | D:2      | Learned a level 3 spell: Mephitic Cloud
  1793 | D:2      | Found a shattered altar of Ashenzari.
  2991 | D:3      | Reached XP level 4. HP: 18/18 MP: 0/10
  3255 | D:3      | Reached skill level 1 in Air Magic
  3594 | D:3      | Reached XP level 5. HP: 21/21 MP: 2/11
  4145 | D:3      | Reached skill level 4 in Spellcasting
  4296 | D:3      | Learned a level 3 spell: Conjure Flame
  4806 | D:4      | Noticed Blork the orc
  4811 | D:4      | Noticed an ogre
  5061 | D:4      | Gained mutation: You are covered in thick fur (AC +2). [Felid growth]
  5061 | D:4      | Reached XP level 6. HP: 24/24 MP: 3/13
  5348 | D:4      | Found a sand-covered staircase.
  5358 | D:4      | Killed Blork the orc
  5402 | D:4      | Killed an ogre
  5432 | Ossuary  | Entered an ossuary
  5908 | D:4      | Noticed an ogre
  5916 | D:4      | Killed an ogre
  6022 | D:4      | Reached XP level 7. HP: 27/27 MP: 1/14
  6527 | D:5      | Entered Level 5 of the Dungeon
  6549 | D:5      | Found Myezxiod's Antique Weapon Boutique.
  6581 | D:5      | Reached skill level 1 in Fire Magic
  6581 | D:5      | Reached skill level 1 in Poison Magic
  7020 | D:5      | Reached skill level 5 in Stealth
  7301 | D:5      | Found Caut's Antique Armour Shop.
  7805 | D:5      | Found Kutev's Antique Weapon Shop.
  8478 | D:6      | Found a staircase to the Ecumenical Temple.
  8485 | Temple   | Entered the Ecumenical Temple
  8499 | Temple   | Became a worshipper of Vehumet
  8791 | D:6      | Reached XP level 8. HP: 31/31 MP: 8/16
  9072 | D:6      | Reached skill level 5 in Spellcasting
  9384 | D:6      | Found an ancient bone altar of Kikubaaqudgha.
  9434 | D:6      | Reached skill level 6 in Stealth
  9705 | D:6      | Reached skill level 5 in Conjurations
  9801 | D:6      | Gained mutation: Your mind is acute. (Int +2) [mutagenic meat]
  9802 | D:6      | Gained mutation: You tend to lose your temper in combat. [mutagenic meat]
  9804 | D:6      | Lost mutation: Your mind is acute. (Int +2) [potion of cure mutation]
  9804 | D:6      | Lost mutation: You tend to lose your temper in combat. [potion of cure mutation]
 10959 | D:7      | Reached skill level 7 in Stealth
 10985 | D:7      | Reached * piety under Vehumet
 10985 | D:7      | Offered knowledge of Freeze by Vehumet.
 11452 | D:7      | Reached XP level 9. HP: 34/34 MP: 2/18
 11690 | D:7      | Noticed Joseph
 11726 | D:7      | Killed Joseph
 12085 | D:7      | Reached skill level 8 in Stealth
 12660 | D:8      | Noticed Grum
 12720 | D:8      | Found a snail-covered altar of Cheibriados.
 12720 | D:8      | Found a shadowy altar of Dithmenos.
 12731 | D:8      | Noticed Prince Ribbit
 12746 | D:8      | Found Pair's Magic Scroll Shop.
 13208 | D:8      | Killed Prince Ribbit
 13717 | D:8      | Bought a scroll of fear for 56 gold pieces
 13717 | D:8      | Bought a scroll of fear for 56 gold pieces
 13717 | D:8      | Bought a scroll of blinking for 120 gold pieces
 13725 | D:8      | Bought a scroll of identify for 32 gold pieces
 13725 | D:8      | Bought a scroll of identify for 32 gold pieces
 13725 | D:8      | Bought a scroll of identify for 32 gold pieces
 13737 | D:8      | Gained mutation: Your muscles are strong. (Str +2) [potion of beneficial mutation]
 13759 | D:8      | Found a shimmering altar of Xom.
 13760 | D:8      | Found a burning altar of Makhleb.
 13774 | D:8      | Found a staircase to the Lair.
 14705 | D:8      | Reached skill level 5 in Dodging
 14843 | D:8      | Reached ** piety under Vehumet
 14843 | D:8      | Offered knowledge of Searing Ray by Vehumet.
 14854 | D:8      | Killed Grum
 14872 | D:8      | Learned a level 2 spell: Searing Ray
 15010 | D:8      | Noticed a komodo dragon
 15323 | D:8      | Killed a komodo dragon
 15323 | D:8      | Reached XP level 10. HP: 38/38 MP: 13/21
 15486 | Lair:1   | Entered Level 1 of the Lair of Beasts
 15487 | Lair:1   | Upgraded the game from 0.17.0-7-gfadd4cc to 0.17.0-9-g801d43b
 15847 | Lair:1   | Reached skill level 1 in Fighting
 16286 | Lair:1   | Reached skill level 9 in Conjurations
 16778 | Lair:1   | Reached skill level 5 in Air Magic
 17193 | Lair:2   | fuck you
 18560 | Lair:2   | Offered knowledge of Throw Flame by Vehumet.
 18881 | Lair:2   | Reached *** piety under Vehumet
 19084 | Lair:2   | Noticed a black mamba
 19090 | Lair:2   | Killed a black mamba
 19090 | Lair:2   | Reached XP level 11. HP: 22/45 MP: 17/23
 19339 | Lair:2   | Reached skill level 10 in Conjurations
 19514 | Lair:2   | Offered knowledge of Throw Icicle by Vehumet.
 19881 | Lair:2   | Learned a level 4 spell: Throw Icicle
 20105 | Lair:2   | Reached skill level 1 in Ice Magic
 20496 | Lair:2   | Learned a level 5 spell: Fireball
 21441 | Lair:3   | HP: 1/46 [komodo dragon (32)]
 22120 | Lair:3   | Noticed a six-headed hydra
 22204 | Lair:3   | Killed a six-headed hydra
 22244 | Lair:3   | Reached skill level 5 in Fighting
 22438 | Lair:3   | Reached **** piety under Vehumet
 22444 | Lair:3   | Offered knowledge of Venom Bolt by Vehumet.
 22762 | Lair:3   | Gained mutation: Your thick and shaggy fur keeps you warm (AC +3, rC+). [Felid growth]
 22762 | Lair:3   | Reached XP level 12. HP: 51/51 MP: 15/25
 23285 | Lair:4   | Found a staircase to the Swamp.
 23653 | Lair:4   | Noticed a four-headed hydra
 23998 | Lair:4   | Killed a four-headed hydra
 23998 | Lair:4   | Reached skill level 5 in Ice Magic
 24082 | Lair:4   | Learned a level 6 spell: Freezing Cloud
 24319 | Lair:4   | HP: 2/51 [poisoned by a black mamba]
 24326 | Lair:4   | HP: 2/51 [poisoned by a black mamba]
 24334 | Lair:4   | HP: 1/51 [poisoned by a black mamba]
 24756 | Lair:4   | HP: 1/51 [basilisk (5)]
 24759 | Lair:4   | Slain by a basilisk
 24760 | Lair:4   | Reached XP level 11. HP: -3/47 MP: 22/25
 24917 | Lair:4   | Reached skill level 5 in Fire Magic
 25249 | Lair:4   | Gained mutation: You are surrounded by a mild repulsion field (EV +2). [potion of mutation]
 25249 | Lair:4   | Gained mutation: You occasionally shout uncontrollably at your foes. [potion of mutation]
 25249 | Lair:4   | Gained mutation: You expend magic power (3 MP) to strengthen your wands. [potion of mutation]
 25250 | Lair:4   | Gained mutation: You are partially covered in slimy green scales (AC +2). [potion of mutation]
 26784 | Lair:6   | Reached ***** piety under Vehumet
 27037 | Lair:6   | Found a staircase to the Slime Pits.
 27038 | Lair:6   | Found a viscous altar of Jiyva.
 27076 | Lair:6   | Offered knowledge of Bolt of Cold by Vehumet.
 27085 | Lair:6   | Reached XP level 12. HP: 51/51 MP: 15/26
 27129 | Lair:6   | Learned a level 6 spell: Bolt of Cold
 27364 | Lair:6   | Found a staircase to the Snake Pit.
 28993 | Lair:6   | Reached skill level 11 in Conjurations
 29708 | Lair:7   | Noticed Snorg
 30119 | Lair:7   | Killed Snorg
 30129 | Lair:7   | Noticed Kirke
 30141 | Lair:7   | Noticed a sphinx
 30277 | Lair:7   | Killed Kirke
 30415 | Lair:6   | Noticed a catoblepas
 30422 | Lair:6   | Killed a catoblepas
 30422 | Lair:6   | Reached skill level 10 in Spellcasting
 30441 | Lair:7   | Noticed a seven-headed hydra
 30452 | Lair:7   | Killed a seven-headed hydra
 30900 | Lair:7   | Reached XP level 13. HP: 54/54 MP: 3/28
 31224 | Lair:7   | Noticed a catoblepas
 31231 | Lair:7   | Killed a catoblepas
 31390 | Lair:8   | Entered Level 8 of the Lair of Beasts
 32318 | Lair:8   | Offered knowledge of Iron Shot by Vehumet.
 33880 | Lair:8   | Reached skill level 12 in Conjurations
 35406 | Lair:8   | Got a transparent pewter ring
 35427 | Lair:8   | Learned a level 3 spell: Gell's Gravitas
 35857 | Lair:1   | Identified the ring of Becsuhuwn {Ice rElec MR+ MP-9 Str+3} (You found it on level 8 of the Lair of Beasts)
 35925 | D:9      | Found Feufo's Jewellery Emporium.
 36162 | D:9      | Found Cyusuec's Antique Armour Shop.
 36263 | D:9      | Noticed Pikel
 36265 | D:9      | Killed Pikel
 36265 | D:9      | Reached skill level 1 in Hexes
 36812 | D:10     | Entered Level 10 of the Dungeon
 37095 | D:10     | Reached XP level 14. HP: 54/58 MP: 19/29
 38041 | D:10     | Reached skill level 10 in Dodging
 38041 | D:10     | Reached skill level 10 in Ice Magic
 39136 | D:11     | Offered knowledge of Ozocubu's Refrigeration by Vehumet.
 39617 | D:11     | Found a staircase to the Orcish Mines.
 40033 | D:11     | Upgraded the game from 0.17.0-9-g801d43b to 0.17.0-15-g6d90897
 40034 | Orc:1    | Entered Level 1 of the Orcish Mines
 40743 | Orc:2    | Noticed Gastronok
 40752 | Orc:2    | Killed Gastronok
 41186 | Orc:2    | Found a bloodstained altar of Trog.
 41240 | Orc:2    | Reached ****** piety under Vehumet
 41591 | Orc:3    | Noticed Erolcha
 41603 | Orc:3    | Killed Erolcha
 42035 | Orc:3    | Found a staircase to the Elven Halls.
 42072 | Orc:3    | Offered knowledge of Iskenderun's Battlesphere by Vehumet.
 42080 | Orc:3    | Learned a level 5 spell: Iskenderun's Battlesphere
 42080 | Orc:3    | Noticed Maud
 42187 | Orc:3    | Killed Maud
 42550 | Orc:4    | Entered Level 4 of the Orcish Mines
 42748 | Orc:4    | Reached skill level 13 in Conjurations
 42749 | Orc:4    | Noticed Saint Roka
 42991 | Orc:3    | Identified a scroll of acquirement
 42998 | Orc:3    | Got a warped copper ring
 43001 | Orc:3    | Identified the ring "Goocoik" {Ice rPois MR+++ MP+9 Dex-4} (You acquired it on level 3 of the Orcish Mines)
 43084 | D:9      | Bought an uncursed ring of protection from fire for 375 gold pieces
 43829 | Swamp:1  | Entered Level 1 of the Swamp
 45691 | Swamp:2  | Noticed septik's ghost (adept GrFi)
 45840 | Swamp:2  | Noticed Frances
 46200 | Swamp:2  | Noticed Louise
 46210 | Swamp:2  | Killed Louise
 46221 | Swamp:2  | HP: 1/58 [spriggan druid/angry trees (19)]
 46226 | Swamp:2  | HP: 1/58 [spriggan druid/angry trees (12)]
 46227 | Swamp:2  | Killed from afar by a spriggan druid
 46228 | Swamp:2  | Reached XP level 13. HP: -20/55 MP: 1/38
 46346 | Swamp:2  | Killed Frances
 46346 | Swamp:2  | Reached XP level 14. HP: 50/58 MP: 4/30
 46508 | Swamp:1  | Offered knowledge of Orb of Destruction by Vehumet.
 48664 | Swamp:3  | Reached skill level 14 in Conjurations
 49139 | Swamp:4  | Entered Level 4 of the Swamp
 49795 | Swamp:4  | Offered knowledge of Conjure Ball Lightning by Vehumet.
 50129 | Swamp:4  | Reached XP level 15. HP: 64/64 MP: 16/32
 50470 | Swamp:4  | Noticed a thorn hunter
 50768 | Swamp:4  | Killed a thorn hunter
 50858 | Swamp:4  | Noticed a thorn hunter
 50908 | Swamp:4  | Noticed a thorn hunter
 50917 | Swamp:4  | Killed a thorn hunter
 51127 | Swamp:4  | Killed from afar by a thorn hunter
 51128 | Swamp:4  | Reached XP level 14. HP: 0/61 MP: 5/40
 51150 | Swamp:4  | Noticed Donald
 51678 | Swamp:4  | Noticed a thorn hunter
 51680 | Swamp:4  | Killed a thorn hunter
 51785 | Swamp:4  | Got a decaying rune of Zot
 51882 | Swamp:4  | Killed Donald
 52325 | Orc:4    | Offered knowledge of Poison Arrow by Vehumet.
 53605 | Orc:4    | Reached skill level 15 in Conjurations
 53970 | Orc:4    | Killed Saint Roka
 54279 | Orc:4    | Found a shimmering altar of Xom.
 54343 | Orc:4    | Found Zin Siod's Gadget Boutique.
 54343 | Orc:4    | Found Kefocaum's Book Shoppe.
 54345 | Orc:4    | Found Yseemp's Book Emporium.
 54347 | Orc:4    | Found Uxzolev's General Store.
 54352 | Orc:4    | Bought a scroll of fog for 22 gold pieces
 54352 | Orc:4    | Bought a scroll of identify for 22 gold pieces
 54359 | Orc:4    | Bought a book of Frost for 490 gold pieces
 54807 | Snake:1  | Entered Level 1 of the Snake Pit
 54867 | Snake:1  | Reached XP level 15. HP: 66/66 MP: 32/32
 55983 | Snake:2  | Slain by an anaconda
 55984 | Snake:2  | Reached XP level 14. HP: -2/63 MP: 15/40
 57902 | Snake:2  | Noticed a greater naga
 57983 | Snake:2  | Killed a greater naga
 58935 | Snake:2  | Reached XP level 15. HP: 66/66 MP: 29/32
 59424 | Snake:3  | Found a bloodstained altar of Trog.
 60297 | Snake:3  | Reached skill level 16 in Conjurations
 60790 | Snake:3  | Offered knowledge of Fire Storm by Vehumet.
 60790 | Snake:3  | Offered knowledge of Glaciate by Vehumet.
 60790 | Snake:3  | Offered knowledge of Tornado by Vehumet.
 62311 | Snake:4  | Entered Level 4 of the Snake Pit
 62311 | Snake:4  | Noticed Vashnia
 62311 | Snake:4  | Noticed Asterion
 62314 | Snake:3  | HP: 3/66 [poisoned by a naga sharpshooter (splash of poison)]
 63131 | Snake:3  | Killed Asterion
 64065 | Snake:4  | Reached XP level 16. HP: 68/70 MP: 32/34
 64528 | Snake:4  | HP: 2/70 [Vashnia/bolt of frost (50)]
 64528 | Snake:4  | Shot with a bolt of frost by Vashnia
 64529 | Snake:4  | Reached XP level 15. HP: -8/66 MP: 2/42
 65451 | Snake:4  | Shot with a bolt by a naga sharpshooter

Action                   |  1- 3 |  4- 6 |  7- 9 | 10-12 | 13-15 | 16-18 || total
-------------------------+-------+-------+-------+-------+-------+-------++-------
Melee: Unarmed           |    29 |    41 |    92 |    42 |    41 |       ||   245
 Cast: Magic Dart        |    87 |   117 |   424 |   297 |   952 |    22 ||  1899
       Call Imp          |    14 |     7 |    61 |       |       |       ||    82
       Mephitic Cloud    |     1 |    20 |    63 |    14 |       |       ||    98
       Blink             |       |     2 |    11 |     9 |     5 |       ||    27
       Conjure Flame     |       |       |    15 |    26 |       |       ||    41
       Searing Ray       |       |       |     3 |   188 |   132 |     2 ||   325
       Fireball          |       |       |       |    72 |   134 |       ||   206
       Throw Icicle      |       |       |       |     7 |       |       ||     7
       Bolt of Cold      |       |       |       |    26 |   403 |     9 ||   438
       Freezing Cloud    |       |       |       |    14 |   231 |    11 ||   256
       Iskenderun's Batt |       |       |       |       |    84 |     3 ||    87
       Gell's Gravitas   |       |       |       |       |    28 |       ||    28
Evoke: Wand              |       |       |     1 |       |     3 |       ||     4
  Use: Scroll            |       |     5 |    15 |     9 |    25 |       ||    54
       Potion            |       |       |     5 |     4 |    14 |       ||    23
 Stab: Sleeping          |     7 |       |     1 |       |     1 |       ||     9
       Confused          |       |    10 |     8 |     4 |       |       ||    22
       Distracted        |       |       |     1 |       |       |       ||     1
  Eat: Chunk             |    10 |     9 |    21 |    54 |   147 |       ||   241
       Beef jerky        |       |       |       |       |     5 |       ||     5
       Meat ration       |       |       |       |       |     9 |     1 ||    10
       Pizza             |       |       |       |       |     5 |       ||     5
       Royal jelly       |       |       |       |       |     1 |       ||     1
